 Dungeon Sprint DCSS version 0.16.1-28-gcc2312f (webtiles) character file.

966 Kidiri the Thaumaturge (level 7, 0/36 HPs)
             Began as a Deep Elf Summoner on May 29, 2015.
             Was the Champion of Sif Muna.
             Slain by a deep troll (21 damage)
             ... in the Dungeon (Sprint VII: "The Pits").
             The game lasted 00:13:45 (1191 turns).

Kidiri the Thaumaturge (Deep Elf Summoner)          Turns: 1191, Time: 00:13:45

Health: 0/36       AC:  5    Str: 11    XL:     7   Next: 93%
Magic:  5/28       EV: 12    Int: 22    God:    Sif Muna [******]
Gold:   0          SH:  0    Dex: 15    Spells: 9 memorised, 0 levels left

rFire  . . .     SeeInvis .     y - +2 rapier (drain)
rCold  . . .     Clarity  .     r - +0 leather armour
rNeg   . . .     SustAb   .     (no shield)
rPois  .         Gourm    .     x - +0 helmet
rElec  .         Spirit   .     w - +0 cloak
rCorr  .         Warding  .     (no gloves)
rMut   .         NoTele   +     (no boots)
MR     .....                    (no amulet)
Stlth  ++........               u - +3 ring of strength
                                t - +3 ring of strength

@: not resistant to hostile enchantments, unstealthy
A: deterioration 1, wild magic 1
a: Channel Energy, Forget Spell, Renounce Religion


You were in the Dungeon.
You worshipped Sif Muna.
Sif Muna was exalted by your worship.
You were not hungry.

You visited 1 branch

Inventory:

Hand weapons
 y - a +2 rapier of draining (weapon)
Armour
 r - a +0 leather armour (worn)
 w - a +0 cloak (worn)
 x - a +0 helmet (worn)
Jewellery
 t - a +3 ring of strength (left hand)
 u - a +3 ring of strength (right hand)
Scrolls
 i - a scroll of blinking
 m - 2 scrolls of remove curse
 n - 5 scrolls of amnesia
 o - a scroll of summoning
Potions
 d - 7 potions of curing
 e - 12 potions of heal wounds
 f - 2 potions of haste
 g - 4 potions of magic
 h - 5 potions of berserk rage
 l - 2 potions of invisibility
 v - a potion of agility
Books
 b - a book of Callings

   Spells                             Type                      Level
   a - Summon Small Mammal            Summoning                    1
   b - Call Imp                       Summoning                    2
   c - Call Canine Familiar           Summoning                    3
   d - Summon Guardian Golem          Hexes/Summoning              4
   e - Summon Lightning Spire         Summoning/Air                4
   f - Summon Ice Beast               Ice/Summoning                4
 s - Mnudafou's Catalogue of Creation
   (Sif Muna gifted it to you in the Dungeon)

   Spells                             Type                      Level
   a - Summon Butterflies             Summoning                    1
   b - Abjuration                     Summoning                    3
   c - Call Canine Familiar           Summoning                    3
   d - Summon Mana Viper              Hexes/Summoning              5
   e - Summon Greater Demon           Summoning                    7
Comestibles
 c - 8 bread rations
 j - 40 fruits
 k - 7 meat rations


   Skills:
 - Level 2.4 Dodging
 - Level 2.4 Stealth
 + Level 10.9 Spellcasting
 * Level 9.7 Hexes
 + Level 10.1 Summonings
 * Level 8.2 Ice Magic
 * Level 7.2 Air Magic


You couldn't memorise any spells.
You knew the following spells:

 Your Spells              Type           Power        Failure   Level  Hunger
a - Summon Small Mammal   Summ           ####         1%          1    None
b - Call Imp              Summ           ######..     1%          2    None
c - Call Canine Familiar  Summ           ######..     2%          3    None
d - Summon Guardian Gole  Hex/Summ       ######..     4%          4    #......
e - Summon Ice Beast      Ice/Summ       ######..     5%          4    #......
f - Summon Lightning Spi  Summ/Air       ######..     7%          4    #......
g - Summon Butterflies    Summ           ######..     1%          1    None
h - Abjuration            Summ           ######....   2%          3    None
i - Summon Mana Viper     Hex/Summ       ######..     9%          5    ####...


Dungeon Overview and Level Annotations

Branches:
Dungeon (1/1)

Altars:
Ashenzari
Cheibriados
Dithmenos
Elyvilon
Fedhas
Gozag
Kikubaaqudgha
Makhleb
Nemelex Xobeh
Okawaru
Qazlal
Ru
Sif Muna
Trog
Vehumet
Xom
Yredelemnul
Zin
The Shining One
Beogh
Jiyva
Lugonu


Innate Abilities, Weirdness & Mutations

Your body is slowly deteriorating.
Your spells are a little harder to cast, but a little more powerful.


Message History

The crocodile barely misses you.
Your ice beast hits the crocodile.
The crocodile dies!
You swap places.
You see here a crocodile corpse.
You butcher the crocodile corpse.
a - a chunk of flesh
Casting: Summon Lightning Spire
Confirm with . or Enter, or press ? or * to list all spells.
You don't know that spell.
Eat a chunk of flesh? (ye/n/q/i?) This raw flesh tastes terrible.
You continue eating. x2
There is a large open door here.
The deep troll bites you! The deep troll closely misses you.
The deep troll claws you.
You swap places.
Your ice beast closely misses the deep troll.
The deep troll bites you!!
Ouch! That really hurt!
You die...

...÷##................#
###'#####'#####'†######
....##.......##†'#####
....##.......##......+
#'####.......##......+
....##...<...##.....##..
....##.......##...###...
....##.......##..##.....
######.......##'@#...#..#
.#..###########YYTW......
.#.############++#...#..#
.#.#....#..)[# #.....
.#)#....#...[# ##...
.#.()...'...)# ..
.#(#....#..))#
.'.#....#..))#
##############


You could see a deep troll, a wraith and 2 friendly ice beasts.

Vanquished Creatures
  A jackal (D)
1 creature vanquished.

Vanquished Creatures (collateral kills)
  A guardian golem (D)
  A two-headed ogre (D)
  A snapping turtle (D)
  2 ice beasts (D)
  A shadow (D)
  A hippogriff (D)
  A wolf (D)
  A deep elf fighter (D)
  Edmund (D)
  A water moccasin (D)
  A sky beast (D)
  A black bear (D)
  A wasp (D)
  A crocodile (D)
  A brain worm (D)
  A giant frog (D)
  A scorpion (D)
  A jelly (D)
  A quasit (D)
  6 sheep (D)
  Ijyb (D)
  2 mummies (D)
  A giant mite (D)
  A giant eyeball (D)
  An ufetubus (D)
  An ooze (D)
  10 jackals (D)
  A giant newt (D)
  A goblin (D)
45 creatures vanquished.

Vanquished Creatures (others)
  A guardian golem (D)
  3 ice beasts (D)
  A lightning spire (D)
  A white imp (D)
  A quokka (D)
  2 rats (D)
9 creatures vanquished.

Grand Total: 55 creatures vanquished

Notes
Turn   | Place    | Note
--------------------------------------------------------------
     0 | D        | Kidiri, the Deep Elf Summoner, began the quest for the Orb.
     0 | D        | Reached XP level 1. HP: 10/10 MP: 5/5
    22 | D        | Reached skill level 5 in Summonings
    35 | D        | Found a sacrificial altar of Ru.
    35 | D        | Found a basalt altar of Yredelemnul.
    35 | D        | Found a shadowy altar of Dithmenos.
    35 | D        | Found a deep blue altar of Sif Muna.
    35 | D        | Found a burning altar of Makhleb.
    35 | D        | Found a shimmering altar of Xom.
    35 | D        | Found an ancient bone altar of Kikubaaqudgha.
    35 | D        | Found a sparkling altar of Nemelex Xobeh.
    36 | D        | Found a glowing golden altar of the Shining One.
    36 | D        | Found a bloodstained altar of Trog.
    36 | D        | Found a shattered altar of Ashenzari.
    36 | D        | Found a white marble altar of Elyvilon.
    36 | D        | Found a snail-covered altar of Cheibriados.
    36 | D        | Found a blossoming altar of Fedhas.
    36 | D        | Found a radiant altar of Vehumet.
    36 | D        | Found a glowing silver altar of Zin.
    36 | D        | Found a corrupted altar of Lugonu.
    36 | D        | Found a viscous altar of Jiyva.
    36 | D        | Found a roughly hewn altar of Beogh.
    36 | D        | Found an iron altar of Okawaru.
    39 | D        | Became a worshipper of Sif Muna the Loreminder
    43 | D        | Found a stormy altar of Qazlal.
    44 | D        | Found an opulent altar of Gozag.
   207 | D        | Reached XP level 2. HP: 15/15 MP: 4/9
   268 | D        | Reached skill level 5 in Spellcasting
   282 | D        | Learned a level 2 spell: Call Imp
   373 | D        | Noticed a brain worm
   374 | D        | Noticed a water moccasin
   377 | D        | Killed a brain worm
   377 | D        | Acquired Sif Muna's first power
   377 | D        | Reached skill level 7 in Spellcasting
   377 | D        | Reached XP level 3. HP: 19/19 MP: 4/17
   387 | D        | Killed a water moccasin
   387 | D        | Acquired Sif Muna's second power
   387 | D        | Reached skill level 8 in Spellcasting
   387 | D        | Reached XP level 4. HP: 11/24 MP: 4/21
   492 | D        | Learned a level 3 spell: Call Canine Familiar
   497 | D        | Learned a level 4 spell: Summon Guardian Golem
   502 | D        | Learned a level 4 spell: Summon Ice Beast
   507 | D        | Learned a level 4 spell: Summon Lightning Spire
   566 | D        | Noticed a wolf
   568 | D        | Noticed a black bear
   573 | D        | Killed a black bear
   573 | D        | Reached skill level 9 in Spellcasting
   573 | D        | Reached XP level 5. HP: 28/28 MP: 10/23
   574 | D        | Killed a wolf
   574 | D        | Acquired Sif Muna's third power
   577 | D        | Noticed a scorpion
   603 | D        | Killed a scorpion
   609 | D        | Noticed a giant frog
   616 | D        | Killed a giant frog
   616 | D        | Reached skill level 5 in Hexes
   616 | D        | Reached XP level 6. HP: 32/32 MP: 14/25
   624 | D        | Noticed a jelly
   630 | D        | Killed a jelly
   638 | D        | Noticed a quasit
   645 | D        | Killed a quasit
   645 | D        | Reached skill level 5 in Ice Magic
   767 | D        | Noticed a sky beast
   767 | D        | Noticed Ijyb
   778 | D        | Killed Ijyb
   793 | D        | Killed a sky beast
   799 | D        | Gained mutation: Your body is slowly deteriorating. [mutagenic meat]
   800 | D        | Gained mutation: Your spells are a little harder to cast, but a little more powerful. [mutagenic meat]
   890 | D        | Noticed a deep elf fighter
   890 | D        | Noticed a shadow
   890 | D        | Noticed a two-headed ogre
   893 | D        | Killed a two-headed ogre
   893 | D        | Reached skill level 10 in Spellcasting
   893 | D        | Reached skill level 5 in Air Magic
   896 | D        | Killed a deep elf fighter
   896 | D        | Received a gift from Sif Muna
   896 | D        | Reached XP level 7. HP: 29/36 MP: 7/28
   897 | D        | Identified Mnudafou's Catalogue of Creation (Sif Muna gifted it to you in the Dungeon)
   903 | D        | Killed a shadow
   912 | D        | Learned a level 1 spell: Summon Butterflies
   916 | D        | Learned a level 3 spell: Abjuration
  1058 | D        | Noticed a hippogriff
  1064 | D        | Killed a hippogriff
  1124 | D        | Learned a level 5 spell: Summon Mana Viper
  1158 | D        | Noticed a snapping turtle
  1166 | D        | Killed a snapping turtle
  1166 | D        | Reached skill level 10 in Summonings
  1169 | D        | Noticed Edmund
  1169 | D        | Noticed a deep troll
  1170 | D        | Noticed a crocodile
  1170 | D        | Noticed a wraith
  1173 | D        | Noticed a wasp
  1177 | D        | Killed Edmund
  1179 | D        | Killed a wasp
  1179 | D        | Killed a crocodile
  1191 | D        | Slain by a deep troll

Action                   |  1- 3 |  4- 6 |  7- 9 || total
-------------------------+-------+-------+-------++-------
Melee: Dagger            |    11 |       |       ||    11
 Cast: Summon Small Mamm |    20 |       |       ||    20
       Call Imp          |     5 |       |       ||     5
       Summon Ice Beast  |       |    13 |     8 ||    21
       Summon Lightning  |       |     3 |     3 ||     6
       Summon Guardian G |       |     1 |     2 ||     3
  Use: Potion            |     1 |       |       ||     1
       Scroll            |       |     1 |       ||     1
  Eat: Chunk             |       |     2 |     2 ||     4
